AoeStats
← lxcho-_-

Arena

508565707Analyzed
4v4 RM · 9d ago on Sep 23, 2026· 76m 45s· 8 players
Game mode
Random Map
Map size
Large (8 player)
Population
200
Speed
Normal
Resources
Standard
Victory
Conquest
Starting age
Dark Age
Ending age
Imperial Age
RankedLock teamsTeams togetherTeam positionsShared explorationLock speedFull tech treeHidden civsTurbo modeCheats
Victory
Defeat
🇨🇱 Celts · Chile
946
+39
🇨🇱 Chinese · Chile
853
+43
🇨🇱 Goths · Chile
853
+43
🇨🇱 Bohemians · Chile
853
+43
🇺🇸 Huns · United States
943
-19
934
-18
🇵🇪 Saracens · Peru
931
-18
🇬🇹 Varangians · Guatemala
891
-17
SMAUG_AM
12:08 Feudal Age
18:32 Castle Age
16:38 Stone Mining
16:43 Gold Mining
16:45 Double-Bit Axe
33:21 Imperial Age
32:01 Scale Mail Armor
32:12 Forging
34:27 Town Watch
38:39 Wheelbarrow
38:09 Arson
41:23 Husbandry
44:20 Bloodlines
43:31 Light Cavalry
46:14 Squires
47:47 Pikeman
49:00 Fortified Wall
52:16 Ballistics
52:56 Hand Cart
52:42 Town Patrol
54:09 Chemistry
53:35 Gambesons
54:00 Scale Barding Armor
53:56 Padded Archer Armor
54:52 Elite Varangian Guard
57:32 Cranequins
60:41 Chain Mail Armor
61:01 Iron Casting
60:17 Fletching
60:43 Leather Archer Armor
61:28 Halberdier
62:24 Onager
64:33 Man-at-Arms
65:01 Heavy Scorpion
68:55 Elite Skirmisher
Jota
0:28 Loom
11:16 Feudal Age
19:29 Castle Age
17:22 Horse Collar
17:50 Stone Mining
18:05 Gold Mining
19:31 Bloodlines
21:33 Gold Shaft Mining
21:14 Heavy Plow
21:05 Double-Bit Axe
26:05 Forging
26:01 Scale Barding Armor
27:12 Bow Saw
33:05 Imperial Age
31:38 Wheelbarrow
32:39 Iron Casting
32:25 Chain Barding Armor
32:54 Town Watch
33:12 Elite Mameluke
34:16 Conscription
34:05 Light Cavalry
35:37 Hand Cart
36:35 Two-Man Saw
35:52 Hussar
39:08 Blast Furnace
38:45 Plate Barding Armor
38:24 Counterweights
41:35 Town Patrol
47:21 Padded Archer Armor
47:13 Fletching
49:44 Caravan
73:07 Bodkin Arrow
73:28 Leather Archer Armor
72:54 Elite Skirmisher
74:12 Bracer
75:29 Chemistry
74:50 Ballistics
Bruin878
14:08 Feudal Age
13:37 Loom
19:21 Castle Age
17:27 Stone Mining
17:21 Horse Collar
17:43 Double-Bit Axe
18:07 Gold Mining
19:21 Wheelbarrow
24:22 Hand Cart
27:10 Heavy Plow
32:52 Imperial Age
31:20 Bow Saw
31:27 Forging
31:23 Scale Barding Armor
33:15 Chain Barding Armor
33:31 Iron Casting
33:04 Elite Tarkan
34:08 Conscription
34:02 Bloodlines
33:53 Husbandry
35:20 Plate Barding Armor
35:11 Marauders
36:38 Blast Furnace
41:33 Pikeman
42:16 Squires
42:02 Arson
42:24 Scale Mail Armor
43:02 Halberdier
44:06 Chain Mail Armor
52:13 Cavalier
54:41 Paladin
58:33 Caravan
64:04 Light Cavalry
69:41 Chemistry
69:03 Ballistics
68:06 Elite Skirmisher
70:25 Town Watch
71:31 Fletching
71:42 Padded Archer Armor
友军有难不动如山
0:29 Loom
11:18 Feudal Age
11:46 Double-Bit Axe
16:51 Castle Age
15:56 Horse Collar
18:08 Bow Saw
18:03 Heavy Plow
22:50 Wheelbarrow
24:19 Stone Mining
24:19 Gold Mining
25:53 Hand Cart
30:20 Imperial Age
29:06 Gold Shaft Mining
30:56 Scale Mail Armor
32:49 Squires
34:11 Chain Mail Armor
34:07 Forging
34:10 Hamask
35:11 Conscription
35:29 Pikeman
36:40 Halberdier
37:46 Northmen's Fury
39:11 Plate Mail Armor
39:17 Iron Casting
39:10 Elite Varangian Guard
39:36 Arson
39:37 Gambesons
41:36 Capped Ram
43:22 Blast Furnace
44:22 Siege Ram
46:44 Siege Engineers
48:44 Chemistry
47:16 Onager
50:20 Siege Onager
52:04 Hoardings
52:40 Heavy Scorpion
55:12 Ballistics
56:22 Man-at-Arms
57:43 Padded Archer Armor
57:33 Fletching
59:17 Caravan
62:48 Long Swordsman
63:48 Two-Handed Swordsman
65:12 Champion
lxcho-_-
0:28 Loom
9:49 Feudal Age
10:25 Double-Bit Axe
10:21 Horse Collar
14:24 Wheelbarrow
18:20 Castle Age
16:30 Fletching
17:55 Padded Archer Armor
20:14 Bodkin Arrow
21:16 Thumb Ring
22:52 Stone Mining
24:50 Scale Barding Armor
25:07 Bow Saw
26:30 Ballistics
30:26 Bloodlines
32:12 Man-at-Arms
32:55 Squires
32:35 Light Cavalry
33:16 Husbandry
33:36 Leather Archer Armor
33:13 Long Swordsman
36:27 Chain Barding Armor
36:17 Forging
37:30 Pikeman
38:20 Murder Holes
42:03 Imperial Age
43:50 Iron Casting
49:14 Heavy Plow
Tio Gilipollas
0:32 Loom
12:04 Feudal Age
13:11 Feudal Age
14:20 Double-Bit Axe
14:19 Horse Collar
17:40 Castle Age
20:07 Stone Mining
20:31 Heavy Plow
20:42 Bow Saw
23:22 Wheelbarrow
24:02 Squires
25:01 Stone Shaft Mining
25:05 Gold Mining
24:58 Pikeman
28:00 Hand Cart
32:51 Imperial Age
30:34 Scale Barding Armor
30:31 Scale Mail Armor
30:42 Forging
32:50 Anarchy
33:31 Iron Casting
33:11 Chain Mail Armor
33:59 Perfusion
34:20 Conscription
35:13 Blast Furnace
34:52 Caravan
34:28 Man-at-Arms
34:47 Long Swordsman
35:05 Two-Handed Swordsman
35:42 Champion
37:15 Halberdier
39:36 Two-Man Saw
44:59 Crop Rotation
45:54 Elite Huskarl
Lhu
11:29 Feudal Age
21:15 Castle Age
22:00 Forging
21:50 Scale Mail Armor
21:39 Double-Bit Axe
21:35 Horse Collar
23:28 Wheelbarrow
28:24 Hand Cart
32:14 Imperial Age
29:58 Loom
32:00 Padded Archer Armor
31:51 Fletching
33:05 Chemistry
32:25 Ballistics
32:29 Masonry
34:53 Caravan
35:41 Bow Saw
35:33 Heavy Plow
37:00 Conscription
36:48 Wagenburg Tactics
36:24 Elite Hussite Wagon
36:31 Houfnice
38:08 Onager
38:29 Pikeman
39:10 Squires
39:34 Chain Mail Armor
39:54 Iron Casting
39:03 Halberdier
44:30 Plate Mail Armor
45:00 Blast Furnace
45:38 Siege Engineers
45:44 Fortified Wall
46:57 Bodkin Arrow
47:17 Leather Archer Armor
47:15 Murder Holes
47:53 Architecture
nOnY
7:40 Loom
10:14 Feudal Age
15:21 Castle Age
13:10 Double-Bit Axe
23:13 Fletching
24:11 Gold Mining
26:16 Wheelbarrow
26:23 Wheelbarrow
27:22 Gold Shaft Mining
27:18 Bodkin Arrow
27:12 Town Watch
27:39 Horse Collar
29:16 Town Patrol
29:33 Hand Cart
31:36 Ballistics
31:46 Town Patrol
32:41 Forging
35:16 Imperial Age
35:26 Capped Ram
37:02 Iron Casting
36:37 Heavy Scorpion
39:32 Chemistry
39:36 Conscription
40:46 Siege Engineers
42:06 Scale Mail Armor
46:22 Blast Furnace
46:30 Chain Mail Armor
47:03 Elite Woad Raider
48:39 Plate Mail Armor
54:57 Bow Saw
Connection lost

Rejoining the realm…

Still unreachable

The connection could not be restored.

Session expired

The server has moved on; the page needs a fresh start.